 Dungeon Crawl Stone Soup version 0.30-a0-439-g9e77e4d916 (webtiles) character file.

Game seed: 6960223957181798303

32 jfcaron the Vexing (level 3, 0/28 HPs)
             Began as a Gnoll Hexslinger on Dec 11, 2022.
             Succumbed to an adder's poison
             ... on level 2 of the Dungeon.
             The game lasted 00:01:38 (799 turns).

jfcaron the Vexing (Gnoll Hexslinger)                Turns: 799, Time: 00:01:38

Health: 0/28       AC:  3    Str: 11    XL:     3   Next: 25%
Magic:  7/7        EV: 12    Int: 12    God:
Gold:   86         SH:  0    Dex: 10    Spells: 6/7 levels left

rFire   + . .      SeeInvis .    b - +2 whip (venom)
rCold   + . .      Faith    .    (no shield)
rNeg    . . .      Spirit   .    m - +0 leather armour
rPois   +          Reflect  .    (no helmet)
rElec   +          Harm     .    (no cloak)
rCorr   +          Rampage  .    (no gloves)
Will    .....                    (no boots)
Stlth   +.........               (no amulet)
HPRegen 0.24/turn                (no ring)
MPRegen 0.10/turn                (no ring)

@: lethally poisoned (0 -> -1), resistant, hasted, very quick
A: fangs 1, strong nose, distributed training, clumsy 1, poison resistance
a: no special abilities


You were on level 2 of the Dungeon.
You visited 1 branch of the dungeon, and saw 2 of its levels.

You collected 86 gold pieces.

Inventory:

Hand Weapons
 a - a +1 sling
 b - a +2 whip of venom (weapon)
 i - a +0 dagger
Missiles
 e - 29 stones
 h - 2 javelins
Armour
 c - a +0 robe
 m - a +0 leather armour (worn)
Scrolls
 j - a scroll of magic mapping {unknown}
 k - a scroll of blinking {unknown}
 l - a scroll of poison
Potions
 g - a potion of haste


   Skills:
 + Level 2.6 Fighting
 + Level 0.7 Short Blades
 + Level 0.7 Long Blades
 + Level 0.7 Axes
 + Level 0.7 Maces & Flails
 + Level 0.7 Polearms
 + Level 0.7 Staves
 + Level 4.5 Ranged Weapons
 + Level 0.7 Throwing
 + Level 0.7 Armour
 + Level 4.5 Dodging
 + Level 0.7 Stealth
 + Level 0.7 Shields
 + Level 0.7 Unarmed Combat
 + Level 2.8 Spellcasting
 + Level 0.5 Conjurations
 + Level 5.4 Hexes
 + Level 0.5 Summonings
 + Level 0.5 Necromancy
 + Level 0.5 Translocations
 + Level 0.5 Transmutations
 + Level 0.5 Fire Magic
 + Level 0.5 Ice Magic
 + Level 0.5 Air Magic
 + Level 0.5 Earth Magic
 + Level 0.5 Poison Magic
 + Level 0.9 Invocations
 + Level 0.7 Evocations


You had 6 spell levels left.
You knew the following spells:

 Your Spells              Type           Power      Damage    Failure   Level
a - Slow                  Hex            56%        N/A       3%          1

Your spell library contained the following spells:

 Spells                   Type           Power      Damage    Failure   Level
 Inner Flame              Hex/Fire       8%         N/A       28%         3
 Portal Projectile        Hex/Tloc       16%        N/A       28%         3
 Cause Fear               Hex            7%         N/A       34%         4


Dungeon Overview and Level Annotations

Branches:
Dungeon (2/15)

Altars:


Innate Abilities, Weirdness & Mutations

You have very sharp teeth.
Your uncanny sense of smell can sniff out nearby items.
Your experience applies equally to all skills.
You are clumsy. (Dex -2)
Your system is resistant to poisons. (rPois)


Message History

You feel sick. The adder bites you.
You are lethally poisoned!
The adder poisons you! The adder barely misses you.
You barely miss the adder. Your bite misses the adder.
The adder is moderately wounded.
* * * LOW HITPOINT WARNING * * *
You feel sick. The adder closely misses you.
You barely miss the adder. Your bite misses the adder.
The adder is heavily wounded.
* * * LOW HITPOINT WARNING * * *
You feel sick. The adder bites you but does no damage.
The adder barely misses you.
It was a potion of haste.
You feel yourself speed up.
* * * LOW HITPOINT WARNING * * *
You feel sick. The adder closely misses you.
It was a potion of mutation.
You feel extremely strange.
You feel resistant to poisons.
You feel your surroundings grow quieter.
You feel your surroundings grow louder.
* * * LOW HITPOINT WARNING * * *
You feel sick. The adder completely misses you.
It was a potion of resistance.
You feel protected. The adder bites you.
* * * LOW HITPOINT WARNING * * *
You hit the adder.
The adder looks even sicker.
Your bite misses the adder.
The adder is severely wounded.
* * * LOW HITPOINT WARNING * * *
You feel sick.
You kill the adder!
You have reached level 3!
Your experience leads to an increase in your attributes!
Increase (S)trength, (I)ntelligence, or (D)exterity?
You feel stronger. x2
Okay, then.
Really quaff the potion of mutation?
You feel extremely strange.
You feel less resistant to poisons.
You feel clumsy.
You feel resistant to poisons.
You die...

.# #.# #.# #.. #.#
### #.# $....###.#
......†@.######.##
########..........
#..#####.#. #..#
#. # #..# #.#.# .
#..#####.#.# #
#........#.### #
##.####......# #
#.# #.##.#.# #


There were no monsters in sight!

Vanquished Creatures
  An adder (D:2)
  2 ball pythons (D:1)
  3 endoplasms (D:1)
  A giant cockroach (D:2)
  2 goblins (D:1)
  3 hobgoblins
  3 quokkas
  A bat (D:1)
  4 kobolds (D:1)
  A rat (D:1)
21 creatures vanquished.

Notes
Turn   | Place    | Note
-------+----------+-------------------------------------------
     0 | D:1      | jfcaron the Gnoll Hexslinger began the quest for the Orb.
     0 | D:1      | Reached XP level 1. HP: 17/17 MP: 4/4
   246 | D:1      | Reached XP level 2. HP: 23/23 MP: 5/5
   794 | D:2      | HP: 4/23 [poisoned by an adder]
   796 | D:2      | Gained mutation: Your system is resistant to poisons.
                  | (rPois) [potion of mutation]
   796 | D:2      | Gained mutation: You passively dampen the noise of your
                  | surroundings. [potion of mutation]
   796 | D:2      | Lost mutation: You passively dampen the noise of your
                  | surroundings. [potion of mutation]
   798 | D:2      | HP: 1/23 [poisoned by an adder]
   799 | D:2      | Reached XP level 3. HP: 1/28 MP: 7/7
   799 | D:2      | Lost mutation: Your system is resistant to poisons. (rPois)
                  | [potion of mutation]
   799 | D:2      | Gained mutation: You are clumsy. (Dex -2) [potion of
                  | mutation]
   799 | D:2      | Gained mutation: Your system is resistant to poisons.
                  | (rPois) [potion of mutation]
   799 | D:2      | Succumbed to an adder's poison

Illustrated notes

Levels and vault maps discovered:
D:1:      dpeg_arrival_round_a, layout_loops_ring
D:2:      layout_loops_ring, serial_shops, nicolae_shop_statue_plus,
          minmay_hexomino_f4

Action                   || total
-------------------------++-------
Melee: Whip              ||    12
 Fire: Sling             ||    54
 Cast: Slow              ||     1
  Use: Potion            ||     4
Armor: Robe              ||     3
       Leather armour    ||     2
Dodge: Dodged            ||    18

Table legend: (Time is in decaauts)
 A = Elapsed time spent in this place.
 B = Non-inter-level travel time spent in this place.
 C = Inter-level travel time spent in this place.
 D = Time resting spent in this place.
 E = Time spent auto-exploring this place.
 F = Levels seen in this place.
 G = Mean time per level.
                   A        B        C        D        E       F      G
               +--------+--------+--------+--------+--------+-----+--------+
         Total |    807 |    777 |     30 |     35 |    606 |   2 |  403.5 |
       Dungeon |    807 |    777 |     30 |     35 |    606 |   2 |  403.5 |
               +--------+--------+--------+--------+--------+-----+--------+

Top non-repeatable levels by time:
     D:1: 713 daAuts
     D:2: 93 daAuts
